 Dungeon Crawl Stone Soup version 0.28.0 (webtiles) character file.

Game seed: 2468329544305374920

581197 RepHenryClay the Impregnable (level 25, -14/258 HPs)
             Began as a Troll Fighter on Feb 14, 2022.
             Was the Champion of Qazlal.
             Killed from afar by an ancient lich (93 damage)
             ... with a crystal spear
             ... on level 5 of the Realm of Zot on Feb 15, 2022.
             The game lasted 02:47:47 (64375 turns).

RepHenryClay the Impregnable (Troll Fighter)       Turns: 64375, Time: 02:47:48

Health: -14/258    AC: 38    Str: 33    XL:     25   Next: 94%
Magic:  15/30      EV: 13    Int: 10    God:    Qazlal [******]
Gold:   3449       SH: 29    Dex: 19    Spells: 24/24 levels left

rFire   + + +      SeeInvis .     - Unarmed
rCold   + . .      Faith    .   f - +2 kite shield {AC+3}
rNeg    + . .      Spirit   .   d - +3 gold dragon scales
rPois   +          Reflect  +   (helmet restricted)
rElec   +          Harm     .   k - +1 cloak "Xareec Uwoth" {*Corrode rElec Int+6}
rCorr   .          Rampage  .   (gloves unavailable)
Will    ++...                   (boots unavailable)
Stlth   ..........              z - amulet of Vemm {Reflect rPois rF+ Dex+4 SH+5}
HPRegen 1.33/turn               Z - ring "Weotengi" {rF++ EV+4 Str+2}
MPRegen 0.22/turn               V - ring of Bike {rN+ Will+}

@: mighty, protected from physical damage, corroded, contaminated, hasted,
glowing, repel missiles, very quick
A: large, unfitting armour, claws 3, regeneration 1, shaggy fur 1, tough skin 1,
horns 1, iridescent scales 2, fire resistance 1, low MP 1, weak 1, subdued magic
1, MP-powered wands
}: 3/15 runes: serpentine, barnacled, slimy
a: Renounce Religion, Upheaval, Elemental Force, Disaster Area


You were on level 5 of the Realm of Zot.
You worshipped Qazlal.
Qazlal was exalted by your worship.
You visited 11 branches of the dungeon, and saw 52 of its levels.
You visited the Abyss 1 time.
You visited 1 bazaar.
You also visited: Trove, Sewer, Bailey, Ice Cave and Volcano.

You collected 7133 gold pieces.
You spent 3684 gold pieces at shops.

Inventory:

Hand Weapons
 b - the +6 falchion "Tuolesho" {flame, Str+6}
   (You found it on level 10 of the Dungeon)

   It burns those it strikes, dealing additional fire damage.
   Big, fiery blades are also staple armaments of hydra-hunters.
   Str:       It affects your strength (+6).
Missiles
 c - 16 throwing nets
 s - 4 curare-tipped darts
 y - 99 large rocks
 N - 5 javelins (quivered)
Armour
 d - +3 gold dragon scales (worn)
 f - a +2 kite shield of protection (worn)
 i - the +0 cloak of Knowledge {rN+ Str+2 Stlth+}
   (You found it on level 1 of the Shoals)

   Str:       It affects your strength (+2).
   rN:        It protects you from negative energy.
   Stlth:     It makes you more stealthy.
 k - the +1 cloak "Xareec Uwoth" (worn) {*Corrode rElec Int+6}
   (You acquired it on level 8 of the Dungeon)

   Int:       It affects your intelligence (+6).
   rElec:     It insulates you from electricity.
   *Corrode:  It may corrode you when you take damage.
 x - a +1 cloak of preservation
Jewellery
 g - the amulet "Ibba" {Regen+ Int+4 SInv}
   (You found it in a treasure trove)

   [amulet of regeneration]

   Int:       It affects your intelligence (+4).
   SInv:      It lets you see invisible.
   Regen:     It increases your rate of health regeneration.
 j - the ring of Lagadeb {Fly Int+3 SInv}
   (You found it in a treasure trove)

   [ring of flight]

   Int:       It affects your intelligence (+3).
   SInv:      It lets you see invisible.
   Fly:       It grants you flight.
 l - the ring of Ogegimeh {MP+9 Int+4 Dex+6 SInv Stlth+}
   (You found it in a treasure trove)

   [ring of dexterity]

   Int:       It affects your intelligence (+4).
   Dex:       It affects your dexterity (+6).
   MP:        It affects your magic capacity (+9).
   SInv:      It lets you see invisible.
   Stlth:     It makes you more stealthy.
 r - the ring of Intercession {Fly rN++ rCorr Str+4 Int-3}
   (You found it in a treasure trove)

   [ring of flight]

   Str:       It affects your strength (+4).
   Int:       It affects your intelligence (-3).
   rN:        It greatly protects you from negative energy.
   Fly:       It grants you flight.
   rCorr:     It protects you from acid and corrosion.
 v - the amulet of Vitality {Regen+ HP+15}
   (You found it in a treasure trove)

   [amulet of regeneration]

   HP:        It affects your health (+15).
   Regen:     It increases your rate of health regeneration.
 z - the amulet of Vemm (around neck) {Reflect rPois rF+ Dex+4 SH+5}
   (You bought it in a shop on level 1 of the Vaults)

   [amulet of reflection]

   It reflects blocked missile attacks.
   Dex:       It affects your dexterity (+4).
   rF:        It protects you from fire.
   rPois:     It protects you from poison.
   SH:        It affects your SH (+5).
 Q - the ring of Kindness {AC+4 Dex+4}
   (You found it on level 4 of the Lair of Beasts)

   [ring of protection]

   AC:        It affects your AC (+4).
   Dex:       It affects your dexterity (+4).
 V - the ring of Bike (right claw) {rN+ Will+}
   (You took it off a merfolk on level 4 of the Shoals)

   [ring of willpower]

   rN:        It protects you from negative energy.
   Will:      It increases your willpower.
 X - a ring of protection from cold
 Z - the ring "Weotengi" (left claw) {rF++ EV+4 Str+2}
   (You found it on level 3 of the Elven Halls)

   [ring of evasion]

   EV:        It affects your evasion (+4).
   Str:       It affects your strength (+2).
   rF:        It greatly protects you from fire.
Wands
 w - a wand of iceblast (30)
 C - a wand of digging (7)
 F - a wand of acid (14)
 O - a wand of paralysis (23)
 U - a wand of charming (21)
Scrolls
 e - 3 scrolls of summoning
 m - 4 scrolls of brand weapon
 n - 2 scrolls of magic mapping
 u - 9 scrolls of teleportation
 G - 7 scrolls of immolation
 H - 6 scrolls of fog
 K - 3 scrolls of fear
 L - 3 scrolls of blinking
 M - 8 scrolls of enchant weapon
Potions
 a - 4 potions of ambrosia
 h - 11 potions of heal wounds
 p - 6 potions of haste
 q - 7 potions of invisibility
 t - 4 potions of magic
 A - 13 potions of curing
 B - a potion of might
 D - 3 potions of mutation
 E - 6 potions of flight
 I - 3 potions of resistance
 S - 8 potions of brilliance
 Y - 3 potions of cancellation
Miscellaneous
 R - a condenser vane


   Skills:
 + Level 16.7 Fighting
 + Level 17.9 Throwing
 - Level 22.0 Armour
 - Level 9.0 Dodging
 - Level 16.3 Shields
 - Level 18.7 Unarmed Combat
 - Level 15.6 Invocations


You had 24 spell levels left.
You didn't know any spells.
Your spell library contained the following spells:

 Spells                   Type           Power      Damage    Failure   Level
 Animate Skeleton         Necr           0%         N/A       98%         1
 Apportation              Tloc           0%         N/A       98%         1
 Magic Dart               Conj           0%         1d3       98%         1
 Pain                     Necr           0%         1d4       98%         1
 Shock                    Conj/Air       0%         1d3       98%         1
 Summon Small Mammal      Summ           0%         N/A       98%         1
 Call Imp                 Summ           0%         N/A       99%         2
 Corpse Rot               Necr/Air       0%         N/A       99%         2
 Ensorcelled Hibernation  Hex/Ice        0%         N/A       99%         2
 Passwall                 Tmut/Erth      0%         N/A       99%         2
 Static Discharge         Conj/Air       0%         N/A       99%         2
 Sublimation of Blood     Necr           0%         N/A       99%         2
 Wereblood                Tmut           0%         N/A       99%         2
 Conjure Flame            Conj/Fire      0%         6-21      100%        3
 Dazzling Flash           Conj/Hex       0%         N/A       100%        3
 Frozen Ramparts          Ice            0%         1d2       100%        3
 Gell's Gravitas          Tloc           0%         N/A       100%        3
 Ignite Poison            Fire/Tmut/Pois 0%         N/A       100%        3
 Mephitic Cloud           Conj/Pois/Air  0%         N/A       100%        3
 Ozocubu's Armour         Ice            0%         N/A       100%        3
 Portal Projectile        Hex/Tloc       0%         N/A       100%        3
 Stone Arrow              Conj/Erth      0%         3d7       100%        3
 Summon Guardian Golem    Hex/Summ       0%         N/A       100%        3
 Swiftness                Air            0%         N/A       100%        3
 Teleport Other           Tloc           0%         N/A       100%        3
 Tukima's Dance           Hex            0%         N/A       100%        3
 Airstrike                Air            0%         N/A       100%        4
 Anguish                  Hex/Necr       0%         N/A       100%        4
 Animate Armour           Summ/Erth      0%         N/A       100%        4
 Cause Fear               Hex            0%         N/A       100%        4
 Dispel Undead            Necr           0%         3d6       100%        4
 Fulminant Prism          Conj/Hex       0%         3d6       100%        4
 Hailstorm                Conj/Ice       0%         3d3       100%        4
 Ice Form                 Ice/Tmut       0%         N/A       100%        4
 Iskenderun's Mystic Bla  Conj/Tloc      0%         2d3       100%        4
 Olgreb's Toxic Radiance  Pois           0%         N/A       100%        4
 Petrify                  Tmut/Erth      0%         N/A       100%        4
 Sticky Flame             Conj/Fire      0%         2d3       100%        4
 Summon Ice Beast         Ice/Summ       0%         N/A       100%        4
 Summon Lightning Spire   Summ/Air       0%         N/A       100%        4
 Agony                    Necr           0%         N/A       100%        5
 Blade Hands              Tmut           0%         N/A       100%        5
 Excruciating Wounds      Necr           0%         N/A       100%        5
 Freezing Cloud           Conj/Ice/Air   0%         6-21      100%        5
 Iskenderun's Battlesphe  Conj           0%         2d6       100%        5
 Lee's Rapid Deconstruct  Erth           0%         3d5*      100%        5
 Lightning Bolt           Conj/Air       0%         1d11      100%        5
 Metabolic Englaciation   Hex/Ice        0%         N/A       100%        5
 Silence                  Hex/Air        0%         N/A       100%        5
 Summon Forest            Summ/Tloc      0%         N/A       100%        5
 Summon Mana Viper        Hex/Summ       0%         N/A       100%        5
 Conjure Ball Lightning   Conj/Air       0%         3x3d6     100%        6
 Death Channel            Necr           0%         N/A       100%        6
 Dispersal                Tloc           0%         N/A       100%        6
 Iron Shot                Conj/Erth      0%         9d1       100%        6
 Simulacrum               Ice/Necr       0%         N/A       100%        6
 Starburst                Conj/Fire      0%         6d3       100%        6
 Statue Form              Tmut/Erth      0%         N/A       100%        6
 Summon Cactus Giant      Summ           0%         N/A       100%        6
 Dragon Form              Tmut           0%         N/A       100%        7
 Enfeeble                 Hex            0%         N/A       100%        7
 Orb of Destruction       Conj           0%         9d5       100%        7
 Ozocubu's Refrigeration  Ice            0%         4d5       100%        7
 Spellforged Servitor     Conj/Summ      0%         N/A       100%        7
 Summon Hydra             Summ           0%         N/A       100%        7
 Borgnjor's Revivificati  Necr           0%         N/A       100%        8
 Discord                  Hex            0%         N/A       100%        8
 Disjunction              Tloc           0%         N/A       100%        8
 Ignition                 Fire           0%         3d3       100%        8
 Lehudib's Crystal Spear  Conj/Erth      0%         10d2      100%        8
 Necromutation            Tmut/Necr      0%         N/A       100%        8
 Death's Door             Necr           0%         N/A       100%        9
 Dragon's Call            Summ           0%         N/A       100%        9


Dungeon Overview and Level Annotations

Branches:
Dungeon (15/15)            Temple (1/1) D:5            Lair (6/6) D:8
 Shoals (4/4) Lair:4        Snake (4/4) Lair:4        Slime (5/5) Lair:6
    Orc (2/2) D:11            Elf (3/3) Orc:2        Vaults (3/5) D:13
  Crypt (0/3) Vaults:3     Depths (4/4) D:15            Zot (5/5) Depths:4
  Sewer (visited)          Bailey (visited)           IceCv (visited)
Volcano (visited)

Altars:
Ashenzari
Cheibriados
Dithmenos
Gozag
Hepliaklqana
Kikubaaqudgha
Makhleb
Nemelex Xobeh
Okawaru
Qazlal
Ru
Sif Muna
Trog
Vehumet
Wu Jian
Xom
Yredelemnul
Zin
The Shining One
Beogh
Jiyva

Shops:
D:1 ?   D:6 :   D:8 :   Orc:2 [(:[   Elf:1 [   Shoals:1 (   Shoals:2 (
Shoals:3 ?   Vaults:1 (*=[   Vaults:2 *   Vaults:3 [   Depths:1 [![*
Depths:3 =::

Portals:
Hell: Depths:1 Depths:2 Depths:3 Depths:4
Abyss: Depths:2 Depths:3
Pandemonium: Depths:2
Ziggurat: Depths:2

Annotations:
D:14 1 runed translucent door, Imiczer's ghost, journeyman FoFi
Shoals:3 !unfinished
Shoals:4 Roxanne
Snake:2 Mara
Snake:4 3 runed translucent doors, Bediveer's ghost, journeyman DsGl; Ciageutz's ghost, journeyman GnWz; WindUpCitrus's ghost, adept DEFE
Orc:2 3 runed translucent doors, arthad's ghost, journeyman GrFi
Elf:1 6 runed translucent doors
Vaults:1 good amulet
Depths:2 1 exclusion


Innate Abilities, Weirdness & Mutations

You are too large for most types of armour.
You have claws for hands.
Your natural rate of healing is unusually fast.
You are covered in fur. (AC +1)
You have tough skin. (AC +1)
You have a pair of small horns on your head.
You are mostly covered in iridescent scales. (AC +4)
Your flesh is heat resistant. (rF+)
Your magical capacity is low. (-10% MP)
You are weak. (Str -2)
Your spells are a little easier to cast, but a little less powerful.
You expend magic power (3 MP) to strengthen your wands.


Message History

The blast of magma engulfs the ancient lich!!
The ancient lich partially resists.
The ancient lich is severely damaged.
You hear a sizzling sound!
The blast of rubble hits the storm dragon!!
You kill the storm dragon!
Qazlal accepts your kill.
The storm dragon scales are intact enough to wear.
The blast of rubble hits the ancient lich!
The ancient lich is severely damaged.
The blast of rubble hits the ancient lich but does no damage.
The ancient lich is heavily damaged.
The blast of rubble hits the dread lich but does no damage.
The dread lich is severely damaged.
The blast of rubble hits the dread lich!
The dread lich is almost destroyed.
The blast of ice hits the dread lich!
The dread lich partially resists.
You destroy the dread lich!
Qazlal accepts your kill.
You hear a loud "Zot"!
The ancient lich touches you but does no damage.
Your life force feels restored.
You closely miss the ancient lich. Your headbutt misses the ancient lich.
The ancient lich is severely damaged.
You closely miss the ancient lich. You headbutt the ancient lich!
The ancient lich is severely damaged.
The ancient lich points at you and mumbles some strange words.
The bolt of acid hits you!!!!
* * * LOW HITPOINT WARNING * * *
The acid corrodes you! You block the ancient lich's attack.
Huge Dmg: -28%(-74hp) hp: 21%(52hp)
You barely miss the ancient lich. You headbutt the ancient lich.
The ancient lich is almost destroyed.
The ancient lich touches you but does no damage.
You feel much better.
The ancient lich gestures at you while chanting.
The crystal spear hits you!!!!
Your resistance to fire fades away.
You feel protected from physical attacks.
You die...

...## *,,^,,,,,,,,,,,,,,,,,*
...# #.......≈...?......^,*
.9.## #.......$≈≈..^.≈.≈..,*
....# #.....(...≈.≈.......,*
....## #.........§≈..§≈≈...,*
.....###...........≈§.≈.≈..,*
###...###...§.≈.○§.°.≈.§≈..**
##....##§....°.§L≈.§..§.#*
###...^.....°≈@L^≈≈(..#*
#▓▓▓▓▓▓▓▓▓▓▓##°(...▓▓
****,,.Lp.L*^..^(..▓*
***,,,,,....DL....^...▓*
**,,,,,,,...............** **
*,,,,,^,,...^...........,*
,***,,,,,,,,...............,*
,,**,,,,,,,,...............**
,^,*,,,,,,,,..............▓*


You could see 2 ancient liches.

Vanquished Creatures
  the Royal Jelly (Slime:5)
  Dissolution (Lair:6)
  3 orbs of fire
  A dread lich (Zot:5)
  4 ancient liches
  3 Killer Klowns (Zot:5)
  A curse toe (Zot:2)
  Bai Suzhen (Elf:3)
  5 caustic shrikes (Depths:3)
  7 golden dragons
  2 bone dragons (Zot:1)
  2 hellephants (Depths:3)
  Jorgrun (Shoals:1)
  2 electric golems (Zot:5)
  3 liches
  19 tentacled monstrosities
  11 Orb Guardians (Zot:5)
  Asterion (Vaults:3)
  6 quicksilver dragons
  2 deep elf blademasters (Elf:3)
  A kraken (Shoals:3)
  2 deep elf master archers (Elf:3)
  22 acid blobs
  16 death cobs
  Polyphemus (Shoals:1)
  3 sphinxes
  Frances (Lair:4)
  Agnes (Vaults:3)
  7 shadow dragons
  2 tengu reavers
  9 azure jellies
  14 storm dragons
  A fenstrider witch (Depths:2)
  4 nagarajas
  9 draconian monks
  9 rockslimes
  A fire giant (Depths:4)
  4 frost giants
  Louise (Snake:3)
  2 deep elf sorcerers (Elf:3)
  2 draconian scorchers (Zot:2)
  9 vault wardens
  7 draconian shifters
  11 draconian knights
  An iron dragon (Depths:4)
  7 deep elf elementalists
  4 ghost moths
  2 orc warlords
  A ghoul (D:12)
  2 spriggan defenders (Depths:3)
  14 ironbound preservers
  20 quicksilver oozes
  5 draconian stormcallers
  A stone giant (shapeshifter) (Depths:2)
  18 very ugly things
  9 stone giants
  2 draconian annihilators
  3 vampire knights
  5 ironbound thunderhulks
  2 eleionomae (Depths:2)
  7 deep elf demonologists
  18 green draconians
  17 yellow draconians
  14 white draconians
  9 black draconians
  16 purple draconians
  6 red draconians
  7 dire elephants (Vaults:3)
  6 deep elf annihilators (Elf:3)
  5 merfolk javelineers
  7 spark wasps (Depths:3)
  9 deep elf death magi
  A blizzard demon (Depths:1)
  3 yaktaur captains
  10 merfolk impalers
  The ghost of BobtheApe the Nimble, a journeyman OpFi of Uskayaw (Lair:3)
  4 ettins
  9 fire dragons
  12 great orbs of eyes
  5 deep elf high priests
  9 vault guards
  4 boulder beetles
  A rakshasa (Depths:2)
  10 salamander tyrants
  12 hydras
  3 spriggan air magi (Depths:3)
  10 ice dragons
  23 naga warriors
  3 ironbound frosthearts (Vaults:2)
  A caustic shrike simulacrum (IceCv)
  16 centaur warriors
  3 merfolk aquamancers
  2 alligator snapping turtles
  6 two-headed ogres
  4 catoblepae
  4 satyrs
  A merfolk avatar (Shoals:2)
  6 anacondas
  36 dancing weapons
  A vampire mage (Depths:3)
  8 hell hogs (Depths:3)
  6 deep troll earth magi
  14 death yaks
  10 deep troll shamans
  16 naga sharpshooters
  A tengu warrior (Depths:1)
  23 hell knights
  5 orc high priests
  4 shock serpents
  Sonja (D:10)
  5 soul eaters
  12 deep elf knights
  10 skeletal warriors
  5 iron trolls
  12 sea snakes
  A sixfirhy (Depths:1)
  2 orb spiders
  6 salamander mystics
  2 glowing orange brains
  65 deep trolls
  2 spriggan druids (Depths:2)
  6 bog bodies (IceCv)
  16 deep elf archers
  11 naga ritualists
  8 orc knights
  7 lindwurms
  6 necromancers
  22 deep elf pyromancers
  10 wizards
  A spriggan simulacrum (IceCv)
  17 harpies
  2 obsidian statues
  23 deep elf zephyrmancers
  A tengu zombie (Vaults:3)
  13 ironbound convokers
  9 mana vipers
  5 orc sorcerers
  A wolf spider (Vaults:3)
  14 manticores
  18 salamanders
  41 ugly things
  5 fauns
  10 shining eyes
  10 cyclopes
  28 moths of wrath
  A salamander (shapeshifter) (Elf:1)
  A sphinx skeleton (Vaults:3)
  An elephant (shapeshifter) (Depths:2)
  A fire giant skeleton (Depths:3)
  9 elephants
  A frost giant skeleton (Depths:3)
  3 guardian serpents
  30 black mambas
  13 water nymphs
  5 merfolk sirens
  2 eyes of devastation
  26 naga magi
  16 vault sentinels
  A titan simulacrum (Depths:3)
  2 rust devils (Depths:1)
  17 cane toads
  3 gargoyles
  A torpor snail (Lair:5)
  A yaktaur zombie (Vaults:3)
  14 freezing wraiths (IceCv)
  6 rime drakes (Lair:5)
  2 kobold demonologists (D:12)
  17 yaktaurs
  10 komodo dragons
  2 tengu conjurers (D:13)
  2 efreet
  3 ice devils
  3 red devils (Depths:1)
  A tormentor (Depths:1)
  A hellwing (Depths:1)
  4 anaconda simulacra (IceCv)
  A guardian mummy (D:12)
  A queen bee (D:14)
  36 merfolk
  5 hornets
  11 polar bears
  10 wind drakes
  6 trolls
  6 meliai
  Grinder (D:3)
  A tarantella (Zot:2)
  5 blink frogs (Lair:4)
  A frost giant simulacrum (Vaults:3)
  158 slime creatures
  11 snapping turtles
  3 air elementals
  A culicivora (shapeshifter) (Elf:3)
  15 dream sheep
  2 jumping spiders (Zot:2)
  A shadow (D:12)
  59 yaks
  2 spriggans
  A wyvern (shapeshifter) (D:14)
  6 basilisks
  5 dire elephant simulacra (IceCv)
  11 water elementals
  3 wyverns
  2 ynoxinuls (Depths:1)
  Eustachio (D:5)
  A vampire (D:12)
  4 wraiths
  7 fire bats (Volcano)
  7 golden eyes
  2 chaos spawn (Depths:1)
  Grum (D:8)
  A fire elemental (Elf:3)
  6 vampire mosquitoes
  A neqoxec (Depths:1)
  16 wargs
  4 harpy simulacra (IceCv)
  43 nagas
  17 water moccasins
  Duvessa (D:5)
  3 acid dragons
  2 alligator simulacra (IceCv)
  52 orc warriors
  4 sky beasts
  3 ettin simulacra (IceCv)
  2 ice beasts
  A hornet zombie (D:8)
  7 black bears
  6 ogres
  2 necrophages
  5 boggarts
  10 centaurs
  39 wolves
  3 phantoms
  Blork the orc (D:6)
  8 kobold brigands
  17 bullfrogs
  4 earth elementals
  3 deep troll simulacra (IceCv)
  A human skeleton (Vaults:3)
  4 scorpions
  Dowan (D:5)
  31 killer bees
  A water moccasin skeleton (D:5)
  2 lindwurm simulacra (IceCv)
  16 wights
  3 howler monkeys
  An electric eel (Lair:5)
  11 lava snakes (Volcano)
  7 centaur zombies
  A bullfrog skeleton (D:5)
  16 orc priests
  A hound (D:7)
  An iron imp (D:9)
  6 jellies
  Terence (D:2)
  7 hell rats (Lair:5)
  An iguana (D:7)
  22 orc wizards
  A hound zombie (D:5)
  2 mummies
  8 adders
  A river rat (D:4)
  A white imp (D:6)
  2 worms (D:2)
  2 dart slugs
  88 orcs
  5 ball pythons
  9 bats
  18 endoplasms
  3 giant cockroaches
  8 goblins
  8 hobgoblins
  5 jackals
  3 quokkas
  4 frilled lizards
  48 kobolds
  8 rats
  A butterfly (Lair:1)
  4 tentacles (Shoals:3)
2336 creatures vanquished.

Vanquished Creatures (collateral kills)
  An azure jelly (Slime:5)
  An ironbound preserver (Vaults:2)
  A great orb of eyes (Slime:5)
  3 golden eyes (Slime:5)
  3 killer bees (D:14)
9 creatures vanquished.

Vanquished Creatures (others)
  Nikola (Lair:4)
  A ghost moth (Zot:2)
  2 red draconians
  A vault guard (D:13)
  A rakshasa (Depths:1)
  2 deep elf knights
  An ironbound convoker (Vaults:1)
  2 deep elf pyromancers
  A deep elf archer (Elf:1)
  A deep elf zephyrmancer (Elf:2)
  An orc warrior (Elf:1)
  A killer bee (D:14)
  An orc wizard (Elf:1)
  3 orcs
  A bush (Lair:5)
  30 fungi
  75 plants
  3 tentacles (Shoals:3)
  2 withered plants (D:13)
130 creatures vanquished.

Grand Total: 2475 creatures vanquished

Notes
Turn   | Place    | Note
-------+----------+-------------------------------------------
     0 | D:1      | RepHenryClay the Troll Fighter began the quest for the Orb.
     0 | D:1      | Reached XP level 1. HP: 22/22 MP: 0/0
   123 | D:1      | Found Zioss's Magic Scroll Emporium.
   126 | D:1      | Reached XP level 2. HP: 29/29 MP: 1/1
   270 | D:1      | Found a faded altar of an unknown god.
   844 | D:2      | Reached XP level 3. HP: 36/36 MP: 2/2
  1215 | D:2      | Noticed Terence
  1251 | D:2      | Killed Terence
  1252 | D:2      | Reached XP level 4. HP: 44/44 MP: 3/3
  1737 | D:3      | Noticed a sky beast
  1756 | D:2      | Killed a sky beast
  1757 | D:2      | Reached skill level 1 in Armour
  1757 | D:2      | Reached XP level 5. HP: 44/50 MP: 4/4
  1805 | D:3      | Noticed Grinder
  1821 | D:3      | Paralysed by Grinder for 3 turns
  1830 | D:3      | Killed Grinder
  1831 | D:3      | Reached skill level 2 in Armour
  1831 | D:3      | Reached skill level 5 in Unarmed Combat
  1831 | D:3      | Reached XP level 6. HP: 15/59 MP: 5/5
  2065 | D:3      | Found an opulent altar of Gozag.
  2488 | D:4      | Found a glowing drain.
  2490 | D:4      | Reached XP level 7. HP: 66/66 MP: 6/6
  2502 | Sewer    | Entered a sewer
  2892 | D:4      | Found a broken altar of Ashenzari.
  3023 | D:4      | Reached skill level 3 in Armour
  3054 | D:4      | Found a bloodstained altar of Trog.
  3135 | D:4      | Found a shimmering blue altar of Sif Muna.
  3241 | D:5      | Entered Level 5 of the Dungeon
  3282 | D:5      | Noticed Dowan
  3349 | D:5      | Noticed a wraith
  3371 | D:4      | Killed a wraith
  3372 | D:4      | Reached XP level 8. HP: 68/74 MP: 7/7
  3383 | D:5      | Noticed Eustachio
  3420 | D:5      | Killed Eustachio
  3496 | D:5      | Found a staircase to the Ecumenical Temple.
  3508 | Temple   | Entered the Ecumenical Temple
  3517 | Temple   | Became a worshipper of Qazlal Stormbringer
  3532 | D:5      | Identified the +4 hand axe "Loijur" {vamp, Int+4 Stlth+}
  3616 | D:5      | Noticed Duvessa
  3636 | D:5      | Killed Duvessa
  3637 | D:5      | Reached skill level 5 in Shields
  3650 | D:5      | Killed Dowan
  3651 | D:5      | Reached skill level 4 in Armour
  3656 | D:5      | Found a sparkling altar of Nemelex Xobeh.
  3718 | D:5      | Found a hazy altar of Hepliaklqana.
  3907 | D:5      | Reached * piety under Qazlal
  3954 | D:5      | Reached XP level 9. HP: 80/80 MP: 8/8
  4177 | D:6      | Noticed Blork the orc
  4187 | D:6      | Killed Blork the orc
  4313 | D:6      | Found Xassumu's Book Shoppe.
  4514 | D:6      | Found a shadowy altar of Dithmenos.
  4521 | D:6      | Reached skill level 5 in Armour
  4831 | D:7      | Reached skill level 10 in Unarmed Combat
  4876 | D:7      | Found a radiant altar of Vehumet.
  5202 | D:8      | Identified 2 scrolls of acquirement
  5202 | D:8      | Acquired the +1 cloak "Xareec Uwoth" {*Corrode rElec Int+6}
  5209 | D:8      | Acquired a manual of Armour
  5270 | D:8      | Found a flagged portal.
  5276 | Bailey   | Entered a bailey
  5323 | Bailey   | Reached skill level 6 in Armour
  5351 | Bailey   | Reached XP level 10. HP: 88/88 MP: 9/9
  5357 | Bailey   | Reached ** piety under Qazlal
  5392 | Bailey   | Reached skill level 7 in Armour
  5553 | Bailey   | Reached skill level 8 in Armour
  5584 | Bailey   | Noticed an orc knight
  5584 | Bailey   | Noticed an orc knight
  5584 | Bailey   | Noticed an orc knight
  5584 | Bailey   | Noticed an orc knight
  5735 | D:8      | Reached skill level 9 in Armour
  5863 | D:8      | Reached skill level 10 in Armour
  5922 | D:8      | Reached *** piety under Qazlal
  6024 | D:8      | Found Gouhuh's Book Shop.
  6141 | D:8      | Found an ancient bone altar of Kikubaaqudgha.
  6193 | D:8      | Found a staircase to the Lair.
  6198 | D:8      | Reached skill level 11 in Armour
  6368 | D:8      | Found an ornate altar of the Wu Jian Council.
  6385 | D:8      | Noticed Grum
  6421 | D:8      | Killed Grum
  6422 | D:8      | Reached skill level 12 in Armour
  6965 | D:9      | Found a sacrificial altar of Ru.
  7047 | D:9      | Found a snail-covered altar of Cheibriados.
  7285 | D:9      | Reached XP level 11. HP: 94/94 MP: 10/10
  7343 | D:10     | Entered Level 10 of the Dungeon
  7363 | D:10     | Noticed a two-headed ogre
  7409 | D:9      | Killed a two-headed ogre
  7653 | D:10     | Found the +7 Throatcutter {drain, coup de grace}
  7679 | D:10     | Identified the +6 falchion "Tuolesho" {flame, Str+6}
  7718 | D:10     | Noticed a two-headed ogre
  7726 | D:10     | Killed a two-headed ogre
  7810 | D:10     | Noticed Sonja
  7815 | D:10     | Killed Sonja
  7842 | D:10     | Found a burning altar of Makhleb.
  8024 | D:11     | Noticed a boulder beetle
  8033 | D:11     | Killed a boulder beetle
  8034 | D:11     | Reached skill level 5 in Throwing
  8132 | D:11     | Noticed a two-headed ogre
  8144 | D:11     | Killed a two-headed ogre
  8236 | D:11     | Found a staircase to the Orcish Mines.
  8274 | D:11     | Reached **** piety under Qazlal
  8307 | D:11     | Noticed a two-headed ogre
  8316 | D:11     | Killed a two-headed ogre
  8661 | D:11     | Noticed a purple ugly thing
  8661 | D:11     | Noticed a white ugly thing
  8662 | D:11     | Noticed a white ugly thing
  8662 | D:11     | Noticed a green ugly thing
  8664 | D:11     | Noticed a purple ugly thing
  8694 | D:11     | Killed a purple ugly thing
  8710 | D:11     | Killed a white ugly thing
  8728 | D:11     | Killed a red ugly thing
  8729 | D:11     | Reached XP level 12. HP: 79/104 MP: 11/11
  8927 | D:11     | Noticed an eight-headed hydra
  8933 | D:11     | Killed a six-headed hydra
  9065 | D:11     | Reached skill level 10 in Throwing
  9155 | D:11     | Noticed a brown very ugly thing
  9209 | Orc:1    | Entered Level 1 of the Orcish Mines
  9209 | Orc:1    | Found a radiant altar of Vehumet.
  9320 | Orc:1    | Paralysed by an orc sorcerer for 6 turns
  9401 | Orc:1    | Noticed an ettin
  9408 | Orc:1    | Killed an ettin
  9428 | Orc:1    | Reached ***** piety under Qazlal
  9682 | Orc:2    | Entered Level 2 of the Orcish Mines
  9682 | Orc:2    | Found a runed translucent gate.
  9682 | Orc:2    | Found a runed translucent gate.
  9682 | Orc:2    | Found a runed translucent gate.
  9798 | Lair:1   | Entered Level 1 of the Lair of Beasts
 10143 | Lair:1   | Noticed a five-headed hydra
 10150 | Lair:1   | Killed a two-headed hydra
 10674 | Lair:2   | Noticed an eight-headed hydra
 10684 | Lair:2   | Killed a one-headed hydra
 10685 | Lair:2   | Reached XP level 13. HP: 16/114 MP: 12/12
 10709 | Lair:2   | Found a dark tunnel.
 10751 | Volcano  | Entered a volcano
 10778 | Volcano  | Reached skill level 13 in Armour
 10926 | Volcano  | Noticed a red draconian
 10964 | Volcano  | Killed a red draconian
 10995 | Volcano  | Found a bloodstained altar of Trog.
 12102 | Lair:3   | Reached skill level 5 in Fighting
 12190 | Lair:3   | Found a bloodstained altar of Trog.
 12259 | Lair:3   | Found a runed translucent door.
 12313 | Lair:3   | Noticed BobtheApe's ghost (journeyman OpFi)
 12718 | Lair:3   | Killed BobtheApe's ghost
 12822 | Lair:4   | Reached skill level 14 in Armour
 12926 | Lair:4   | Reached ****** piety under Qazlal
 13149 | Lair:4   | Identified the ring of Kindness {AC+4 Dex+4}
 13334 | Lair:4   | Reached XP level 14. HP: 113/130 MP: 13/13
 13349 | Lair:4   | Found a staircase to the Shoals.
 13714 | Lair:4   | Found a staircase to the Snake Pit.
 13854 | Snake:1  | Entered Level 1 of the Snake Pit
 14057 | Lair:5   | You fall into a shaft and drop 1 floor!
 14057 | Lair:6   | Entered Level 6 of the Lair of Beasts
 14108 | Lair:6   | Reached skill level 1 in Invocations
 14378 | Lair:5   | Reached skill level 5 in Invocations
 15232 | Lair:6   | Found a staircase to the Slime Pits.
 15648 | Lair:6   | Reached XP level 15. HP: 136/136 MP: 20/20
 16123 | Lair:6   | Identified the +1 leather armour of the Morning Star {rC+
                  | Dex+2}
 16480 | Orc:2    | Noticed arthad's ghost (journeyman GrFi)
 17053 | Orc:2    | Paralysed by an orc sorcerer for 3 turns
 17061 | Orc:2    | Noticed an orc warlord
 17077 | Orc:2    | Reached skill level 10 in Invocations
 17085 | Orc:2    | Reached skill level 15 in Armour
 17098 | Orc:2    | Killed an orc warlord
 17181 | Orc:2    | Found Deitumac's Antique Armour Shop.
 17184 | Orc:2    | Found Zyubar's Antique Weapon Boutique.
 17316 | Orc:2    | Found Zohysog's Book Emporium.
 17415 | Orc:2    | Found Feak's Armour Shop.
 17510 | Orc:2    | Found a staircase to the Elven Halls.
 17976 | Orc:2    | Bought a glowing cloak for 240 gold pieces
 17976 | Orc:2    | Bought a glowing cloak for 240 gold pieces
 18310 | D:12     | You fall into a shaft and drop 1 floor!
 19047 | D:12     | Reached skill level 5 in Dodging
 20061 | D:13     | Found a gate to the Vaults.
 20547 | D:14     | Reached XP level 16. HP: 111/146 MP: 22/22
 20641 | D:14     | Found a runed translucent door.
 20642 | D:14     | Noticed Imiczer's ghost (journeyman FoFi)
 20666 | D:14     | Found a glowing golden altar of the Shining One.
 20834 | D:15     | Entered Level 15 of the Dungeon
 21192 | D:15     | Identified the +8 falchion of Cihipal {venom, rN+}
 21300 | D:15     | Found a staircase to the Depths.
 22166 | Snake:1  | Found a shimmering altar of Xom.
 22879 | Snake:1  | You fall into a shaft and drop 1 floor!
 23969 | Snake:2  | Found a bloodstained altar of Trog.
 24354 | Snake:2  | Reached skill level 10 in Shields
 24568 | Snake:3  | Reached XP level 17. HP: 154/156 MP: 23/23
 24831 | Snake:3  | Noticed Mara
 24843 | Snake:3  | Noticed RepHenryClay's illusion
 24878 | Snake:2  | Noticed RepHenryClay's illusion
 24959 | Snake:1  | Identified the +3 leather armour of the Ten Piercing Runes
                  | {Slay+6}
 25590 | Snake:2  | Noticed RepHenryClay's illusion
 26238 | Snake:4  | Entered Level 4 of the Snake Pit
 26328 | Snake:4  | Noticed Louise
 27844 | Snake:4  | Found a runed translucent gate.
 27845 | Snake:4  | Found a runed translucent gate.
 27846 | Snake:4  | Found a runed translucent gate.
 27846 | Snake:4  | Noticed WindUpCitrus's ghost (adept DEFE)
 27922 | Snake:4  | Noticed Ciageutz's ghost (journeyman GnWz)
 28057 | Snake:4  | Cast into level 3 of the Abyss (Louise)
 28066 | Snake:4  | Escaped the Abyss
 28066 | Snake:4  | Noticed Bediveer's ghost (journeyman DsGl)
 28374 | Elf:1    | Entered Level 1 of the Elven Halls
 28491 | Elf:1    | Found a radiant altar of Vehumet.
 28594 | Elf:1    | Found Tynt's Armour Emporium.
 28739 | Elf:1    | Paralysed by an orc sorcerer for 2 turns
 28760 | Elf:1    | Identified the +8 chain mail "Ruafoeq" {rElec rF- Regen+}
 28769 | Elf:1    | Noticed a Hell Sentinel
 28779 | Elf:1    | Found a runed translucent gate.
 28779 | Elf:1    | Found a runed translucent gate.
 28779 | Elf:1    | Found a runed translucent gate.
 28779 | Elf:1    | Found a runed translucent gate.
 28779 | Elf:1    | Found a runed translucent gate.
 28841 | Elf:1    | Found a runed translucent gate.
 29528 | Elf:2    | Reached XP level 18. HP: 82/165 MP: 15/24
 29638 | Elf:2    | Found a crumbling gateway.
 29669 | Elf:2    | Reached skill level 16 in Armour
 29742 | Elf:2    | Found a frozen archway.
 29756 | IceCv    | Entered an ice cave
 30005 | IceCv    | Noticed a lich
 30018 | IceCv    | Killed a lich
 30185 | IceCv    | Found an ancient bone altar of Kikubaaqudgha.
 30803 | Elf:2    | Found a huge runed translucent gate.
 30803 | Elf:2    | Found a huge runed translucent gate.
 30803 | Elf:2    | Found a huge runed translucent gate.
 30803 | Elf:2    | Found a huge runed translucent gate.
 30804 | Elf:2    | Found a huge runed translucent gate.
 31353 | Elf:3    | Entered Level 3 of the Elven Halls
 31450 | Elf:3    | Paralysed by an air elemental for 1 turns
 31702 | Elf:3    | Reached skill level 15 in Shields
 31932 | Elf:3    | Identified the ring "Weotengi" {rF++ EV+4 Str+2}
 32368 | Shoals:1 | Entered Level 1 of the Shoals
 32422 | Shoals:1 | Noticed Frances
 32441 | Lair:4   | Killed Frances
 32561 | Shoals:1 | Noticed Nikola
 32586 | Shoals:1 | Reached XP level 19. HP: 176/176 MP: 25/25
 32671 | Lair:4   | Killed Nikola
 32763 | Shoals:1 | Noticed Jorgrun
 32788 | Shoals:1 | Killed Jorgrun
 32896 | Shoals:1 | Found Juxkelaw's Antique Weapon Emporium.
 32947 | Shoals:1 | Reached skill level 17 in Armour
 33075 | Shoals:1 | Identified the +0 cloak of Knowledge {rN+ Str+2 Stlth+}
 33341 | Shoals:2 | Noticed Polyphemus
 33362 | Shoals:1 | Killed Polyphemus
 33972 | Shoals:2 | Found Furch's Antique Weapon Emporium.
 34560 | Shoals:3 | Found Ruavver's Magic Scroll Emporium.
 34969 | Shoals:4 | Entered Level 4 of the Shoals
 35095 | Shoals:4 | Identified the ring of Bike {rN+ Will+}
 35192 | Shoals:4 | Identified Roxanne's Handbook of Transmutation
 35192 | Shoals:4 | Noticed Roxanne
 35319 | Shoals:4 | Identified the +7 hunting sling of Coawn {flame, *Corrode
                  | +Blink rElec rPois}
 35484 | Shoals:4 | Got Gaaraatt's Catalogue of Air and Summoning
 35630 | Shoals:4 | HP: 6/179 [merfolk impaler (12)]
 35663 | Shoals:4 | Got a barnacled rune of Zot
 35740 | Shoals:3 | Bought a scroll of teleportation for 54 gold pieces
 35740 | Shoals:3 | Bought a scroll of fear for 63 gold pieces
 35740 | Shoals:3 | Bought a scroll of magic mapping for 63 gold pieces
 35740 | Shoals:3 | Bought a scroll of blinking for 135 gold pieces
 36442 | Vaults:1 | Entered Level 1 of the Vaults
 36535 | Vaults:1 | Found Noqeec's General Store.
 36574 | Vaults:1 | Found Upur's Jewellery Shoppe.
 36575 | Vaults:1 | Found Jafoduah's Antique Armour Shop.
 36674 | Vaults:1 | Found Noxieck's Antique Weapon Boutique.
 36778 | Vaults:1 | Found a flickering gateway to a bazaar.
 36787 | Bazaar   | Entered a bazaar
 36806 | Bazaar   | Found Gezoid's Magic Scroll Shop.
 36817 | Bazaar   | Found Kiug's Distillery.
 36839 | Bazaar   | Found Qoheaby's Distillery.
 36859 | Bazaar   | Found Utac's Magic Scroll Shop.
 36864 | Bazaar   | Bought a scroll of summoning for 66 gold pieces
 36864 | Bazaar   | Bought a scroll of teleportation for 21 gold pieces
 36864 | Bazaar   | Bought a scroll of fear for 24 gold pieces
 36864 | Bazaar   | Bought a scroll of fear for 24 gold pieces
 36896 | Bazaar   | Bought a scroll of teleportation for 45 gold pieces
 36896 | Bazaar   | Bought a scroll of teleportation for 45 gold pieces
 36911 | Bazaar   | Bought 2 potions of cancellation for 288 gold pieces
 36911 | Bazaar   | Bought a potion of heal wounds for 90 gold pieces
 36911 | Bazaar   | Bought a potion of haste for 180 gold pieces
 36938 | Bazaar   | Bought a potion of haste for 150 gold pieces
 36938 | Bazaar   | Bought a potion of haste for 150 gold pieces
 36938 | Bazaar   | Bought 2 potions of might for 120 gold pieces
 37355 | Vaults:1 | Reached XP level 20. HP: 155/189 MP: 26/26
 37691 | Vaults:1 | Bought the amulet of Vemm {Reflect rPois rF+ Dex+4 SH+5}
                  | for 1018 gold pieces
 38564 | Vaults:1 | Reached skill level 18 in Armour
 38632 | Vaults:1 | Reached skill level 15 in Unarmed Combat
 38967 | Vaults:2 | Reached skill level 10 in Fighting
 39083 | Vaults:2 | Found Odea's General Store.
 39097 | Vaults:2 | Bought a potion of heal wounds for 90 gold pieces
 39097 | Vaults:2 | Bought the +1 cloak of Inquiry {rPois Dex+2} for 448 gold
                  | pieces
 40004 | Vaults:2 | Reached skill level 19 in Armour
 40803 | Vaults:3 | Found Mausulime's Antique Armour Shop.
 40992 | Vaults:3 | Reached XP level 21. HP: 190/205 MP: 27/27
 41088 | Vaults:3 | Noticed Agnes
 41101 | Vaults:3 | Noticed Asterion
 41104 | Vaults:3 | Killed Agnes
 41244 | Vaults:3 | Found a staircase to the Crypt.
 41244 | Vaults:3 | Found an ancient bone altar of Kikubaaqudgha.
 41244 | Vaults:3 | Found a basalt altar of Yredelemnul.
 41276 | Vaults:3 | Killed Asterion
 42720 | Snake:3  | Killed Louise
 43009 | Snake:4  | Got a serpentine rune of Zot
 43816 | Elf:3    | Noticed Bai Suzhen
 43855 | Elf:3    | Killed Bai Suzhen
 43904 | Elf:3    | Paralysed by an air elemental for 1 turns
 43926 | Elf:3    | Identified the +12 flail "Ykamm" {elec, rElec rPois Int+4}
 44002 | Elf:3    | Identified the +8 falchion of Poverty {elec, rF+++ Will+
                  | Dex-2 Stlth+}
 44008 | Elf:3    | Identified the +9 halberd of Ignis {pain, Stlth+}
 44966 | Depths:1 | Entered Level 1 of the Depths
 45739 | Depths:1 | Found an iron altar of Okawaru.
 45791 | Depths:1 | Found Jaofoddy's Armour Boutique.
 45793 | Depths:1 | Found Olytataq's Armour Boutique.
 45795 | Depths:1 | Found Faomag's Assorted Antiques.
 45795 | Depths:1 | Found Coramm's Distillery.
 45797 | Depths:1 | You fall into a shaft and drop 1 floor!
 45808 | Depths:2 | Identified the amulet of Wariness {Faith *Corrode Str+5
                  | Int+2}
 45819 | Depths:2 | Found a portal to a secret trove of treasure.
 45820 | Depths:2 | Found a one-way gate leading to the halls of Pandemonium.
 45871 | Depths:2 | Reached skill level 20 in Armour
 45951 | Depths:2 | Reached XP level 22. HP: 176/219 MP: 28/28
 46316 | Depths:2 | Found a one-way gate to the infinite horrors of the Abyss.
 46442 | Depths:2 | Found a gateway to Hell.
 46461 | Depths:2 | Found a one-way gateway to a ziggurat.
 46529 | Depths:1 | Bought a potion of heal wounds for 65 gold pieces
 46529 | Depths:1 | Bought a potion of heal wounds for 65 gold pieces
 48296 | Depths:3 | Found a sparkling altar of Nemelex Xobeh.
 48610 | Depths:3 | Found Wiuph's Jewellery Shoppe.
 48610 | Depths:3 | Found Agusucki's Book Shop.
 48611 | Depths:3 | Found Tacvylap's Book Shop.
 49141 | Depths:4 | Entered Level 4 of the Depths
 49167 | Depths:3 | Reached skill level 21 in Armour
 49318 | Depths:4 | Noticed a caustic shrike
 49448 | Depths:4 | Noticed a caustic shrike
 49467 | Depths:3 | Killed a caustic shrike
 49708 | Depths:3 | Killed a caustic shrike
 49780 | Depths:4 | Noticed a caustic shrike
 49791 | Depths:3 | Killed a caustic shrike
 49850 | Depths:4 | Noticed a caustic shrike
 49850 | Depths:4 | Noticed a caustic shrike
 49863 | Depths:3 | Killed a caustic shrike
 49865 | Depths:3 | Killed a caustic shrike
 49866 | Depths:3 | Reached skill level 15 in Fighting
 50079 | Depths:3 | Reached XP level 23. HP: 213/235 MP: 29/29
 50928 | Depths:4 | Found a gate to the Realm of Zot.
 51596 | Slime:1  | Entered Level 1 of the Pits of Slime
 52073 | Slime:2  | Noticed Dissolution
 52113 | Lair:6   | Gained mutation: Potions are less effective at restoring
                  | your health. [a shining eye]
 52128 | Lair:6   | Paralysed by a floating eye for 2 turns
 52133 | Lair:6   | Killed Dissolution
 52195 | Slime:1  | Reached skill level 15 in Throwing
 52300 | Slime:3  | Gained mutation: You are frail. (-10% HP) [a shining eye]
 52311 | Slime:2  | Gained mutation: Your magical capacity is low. (-10% MP) [a
                  | shining eye]
 52746 | Slime:2  | Paralysed by a great orb of eyes for 5 turns
 53032 | Slime:3  | You fall into a shaft and drop 1 floor!
 53799 | Slime:5  | Entered Level 5 of the Pits of Slime
 53890 | Slime:5  | Gained mutation: You are weak. (Str -2) [a shining eye]
 53892 | Slime:5  | Gained mutation: You are very frail. (-20% HP) [a shining
                  | eye]
 54213 | Slime:5  | Gained mutation: Your magical capacity is very low. (-20%
                  | MP) [a shining eye]
 54306 | Slime:5  | Noticed the Royal Jelly
 54411 | Slime:5  | Gained mutation: Your body sometimes deteriorates upon
                  | taking damage. [a shining eye]
 54508 | Slime:5  | Gained mutation: You sometimes lose the ability to read
                  | scrolls when taking damage. [a shining eye]
 54697 | Slime:5  | Found a viscous altar of Jiyva.
 54735 | Slime:5  | Killed the Royal Jelly
 54928 | Slime:5  | Got a slimy rune of Zot
 54946 | Slime:5  | Identified the +1 scale mail "Damnable Contraption" {rPois
                  | Regen+ Dex-5}
 54960 | Slime:5  | Identified the ring "Jyicem Pino" {rPois Int+3 Dex+2}
 54964 | Slime:5  | Identified the ring of the Meadowlark {Fire Int+6 Slay+2}
 55265 | Slime:5  | Identified the +6 eveningstar "Etidiulu" {flame, rC++}
 55668 | Depths:1 | Lost mutation: Your body sometimes deteriorates upon taking
                  | damage. [potion of mutation]
 55668 | Depths:1 | Lost mutation: You are weak. (Str -2) [potion of mutation]
 55668 | Depths:1 | Gained mutation: You have large cloven feet. [potion of
                  | mutation]
 55669 | Depths:1 | Lost mutation: You sometimes lose the ability to read
                  | scrolls when taking damage. [potion of mutation]
 55669 | Depths:1 | Lost mutation: Your magical capacity is very low. (-20% MP)
                  | [potion of mutation]
 55669 | Depths:1 | Lost mutation: Potions are less effective at restoring your
                  | health. [potion of mutation]
 55669 | Depths:1 | Gained mutation: Your magical capacity is very low. (-20%
                  | MP) [potion of mutation]
 55669 | Depths:1 | Gained mutation: You are agile. (Dex +2) [potion of
                  | mutation]
 55670 | Depths:1 | Lost mutation: You are agile. (Dex +2) [potion of mutation]
 55670 | Depths:1 | Lost mutation: You are very frail. (-20% HP) [potion of
                  | mutation]
 55670 | Depths:1 | Gained mutation: You passively dampen the noise of your
                  | surroundings. [potion of mutation]
 55670 | Depths:1 | Gained mutation: You are weak. (Str -2) [potion of
                  | mutation]
 55670 | Depths:1 | Gained mutation: You are occasionally teleported next to
                  | monsters. [potion of mutation]
 55670 | Depths:1 | Gained mutation: You have a pair of small horns on your
                  | head. [potion of mutation]
 55671 | Depths:1 | Lost mutation: Your magical capacity is very low. (-20% MP)
                  | [potion of mutation]
 55671 | Depths:1 | Lost mutation: You are frail. (-10% HP) [potion of
                  | mutation]
 55671 | Depths:1 | Gained mutation: Your spells are a little easier to cast,
                  | but a little less powerful. [potion of mutation]
 55671 | Depths:1 | Lost mutation: Your spells are a little easier to cast, but
                  | a little less powerful. [potion of mutation]
 55671 | Depths:1 | Gained mutation: You expend magic power (3 MP) to
                  | strengthen your wands. [potion of mutation]
 55672 | Depths:1 | Lost mutation: You have large cloven feet. [potion of
                  | mutation]
 55672 | Depths:1 | Lost mutation: You are occasionally teleported next to
                  | monsters. [potion of mutation]
 55672 | Depths:1 | Lost mutation: You passively dampen the noise of your
                  | surroundings. [potion of mutation]
 55672 | Depths:1 | Gained mutation: You are partially covered in iridescent
                  | scales. (AC +2) [potion of mutation]
 55672 | Depths:1 | Gained mutation: Your flesh is heat resistant. (rF+)
                  | [potion of mutation]
 55672 | Depths:1 | Gained mutation: Your spells are a little harder to cast,
                  | but a little more powerful. [potion of mutation]
 55838 | Zot:1    | Entered Level 1 of the Realm of Zot
 55929 | Zot:1    | Reached XP level 24. HP: 54/245 MP: 26/27
 55929 | Zot:1    | HP: 1/245 [quicksilver dragon (12)]
 57344 | Zot:1    | Noticed an orb of fire
 57348 | Zot:1    | Lost mutation: Your spells are a little harder to cast, but
                  | a little more powerful. [an orb of fire]
 57374 | Zot:1    | Gained mutation: You are mostly covered in iridescent
                  | scales. (AC +4) [an orb of fire]
 57389 | Zot:1    | Killed an orb of fire
 57422 | Zot:1    | You fall into a shaft and drop 1 floor!
 57575 | Zot:1    | Noticed an ancient lich
 57585 | Zot:1    | Killed an ancient lich
 58591 | Zot:2    | Reached skill level 15 in Invocations
 59755 | Zot:2    | Reached XP level 25. HP: 234/256 MP: 30/30
 60292 | Depths:2 | You paid a toll of +3 gold dragon scales to enter a
                  | treasure trove
 60293 | Trove    | Entered a treasure trove
 60293 | Trove    | Found the amulet of Vitality {Regen+ HP+15}
 60302 | Trove    | Identified the amulet "Ibba" {Regen+ Int+4 SInv}
 60304 | Trove    | Identified the ring of Lagadeb {Fly Int+3 SInv}
 60308 | Trove    | Identified the ring of Ogegimeh {MP+9 Int+4 Dex+6 SInv
                  | Stlth+}
 60312 | Trove    | Identified the ring of Fanaticism {*Slow Str+6 Dex+6 SInv}
 60314 | Trove    | Identified the ring "Hoebaick" {*Slow AC+4 Int+6 Slay+2
                  | SInv}
 60316 | Trove    | Identified the ring of Intercession {Fly rN++ rCorr Str+4
                  | Int-3}
 60319 | Trove    | Identified the ring "Besiagh" {Fly rPois rC- Int+6}
 60686 | Zot:2    | Reached skill level 22 in Armour
 63453 | Zot:5    | Entered Level 5 of the Realm of Zot
 63966 | Zot:5    | Noticed an ancient lich
 63992 | Zot:5    | Noticed a Killer Klown
 64034 | Zot:5    | Killed a Killer Klown
 64129 | Zot:5    | Noticed an ancient lich
 64149 | Zot:5    | Killed an ancient lich
 64224 | Zot:5    | Noticed a Killer Klown
 64269 | Zot:5    | Killed a Killer Klown
 64283 | Zot:5    | Noticed an orb of fire
 64295 | Zot:5    | Noticed an ancient lich
 64296 | Zot:5    | Killed an orb of fire
 64302 | Zot:5    | Killed an ancient lich
 64341 | Zot:5    | Noticed an ancient lich
 64341 | Zot:5    | Noticed an orb of fire
 64341 | Zot:5    | Noticed an ancient lich
 64341 | Zot:5    | Noticed a Killer Klown
 64341 | Zot:5    | Noticed a dread lich
 64349 | Zot:5    | Killed an ancient lich
 64353 | Zot:5    | Killed an orb of fire
 64362 | Zot:5    | Killed a Killer Klown
 64364 | Zot:5    | Noticed an ancient lich
 64369 | Zot:5    | Gained mutation: Your spells are a little easier to cast,
                  | but a little less powerful. [mutagenic glow]
 64371 | Zot:5    | Killed a dread lich
 64375 | Zot:5    | Killed from afar by an ancient lich

Illustrated notes

Levels and vault maps discovered:
D:1:      eino_arrival_tree_alley, layout_basic,
          shapermc_ecumenical_altar_totnotflames, serial_shops, shop,
          minmay_tiny_reverse_x
D:2:      layout_basic, uniq_terence
D:3:      layout_loops_cross, mainiacjoe_overflow_tiny_flanked, uniq_grinder
D:4:      layout_rooms, mainiacjoe_overflow_six_doors_small, lemuel_round_altar,
          cheibrodos_ashenzari_chains, cheibrodos_sewer_entry_sluice
D:5:      cheibrodos_thug_alley, layout_rooms, overflow_temple_1_default,
          nzn_hepliaklqana_mist_gate, minmay_temple_entry_mist, uniq_eustachio,
          uniq_duvessa
D:6:      layout_rooms, nicolae_dithmenos_through_a_glass_darkly, serial_shops,
          shop_statue, uniq_blork_the_orc
D:7:      layout_basic, mainiacjoe_overflow_concentric_impassable, minivault_19,
          lemuel_old_faithful
D:8:      kennysheep_spiral_hall, layout_basic, general_overflow_altar,
          mainiacjoe_overflow_cross_hatched, grunt_lair_entry_orc_guard_hut,
          enter_bailey_2, serial_shops, nicolae_shop_stone, uniq_grum
D:9:      layout_cave_pods, nicolae_ru_sacrificial_ziggurat, chei_slow_surprise,
          kennysheep_generic_room_16
D:10:     layout_basic, kennysheep_mini_moat, uniq_sonja
D:11:     cheibrodos_breeding_chamber, layout_basic, david_orc_3
D:12:     layout_loops_cross, minmay_misc_feat_hallway
D:13:     layout_gridville, grunt_vaults_entry_fortified, serial_undead,
          serial_undead_c, serial_undead_e, serial_undead_b, serial_undead_d,
          serial_undead_c, serial_undead_f, serial_undead_b
D:14:     layout_roguey [special_room_bee], tso_metal_star,
          ebering_ghost_reflecting_pool, corexii_checkpoint_a
D:15:     grunt_enter_depths_hoard, layout_loops_ring, serial_park_tiny_1,
          minmay_tree_intersection
Temple:   compressed_dpeg_triangle_lava_temple
Lair:1:   layout_roguey, lemuel_fruit_fields
Lair:2:   hellmonk_destroyed_diamonds, layout_small_grid, enter_volcano_2,
          nicolae_quartered_pool_impasse, st_stairs_7,
          infiniplex_staircase_pool_2
Lair:3:   layout_chaotic_city, basic_altar, ebering_ghost_reflecting_pool,
          grunt_forest_stairs_clearing
Lair:4:   nzn_winding_woodlands_stair_trap
          [nzn_winding_woodlands_5x15_sidewinder,
          nzn_winding_woodlands_5x15_default,
          nzn_winding_woodlands_5x15_concentric,
          nzn_winding_woodlands_15x15_boxy_spiral,
          nzn_winding_woodlands_5x15_parted, nzn_winding_woodlands_5x15_garden,
          nzn_winding_woodlands_5x15_pathside_ponds], layout_long_grid,
          shoals_dummy_entry, minmay_snake_entry_guardpost_small
Lair:5:   layout_roguey, minmay_lair_drake_nest, serial_bayou_shore_a
Lair:6:   grunt_lair_end_beastmaster, layout_regular_city,
          minmay_slime_entry_pillars, grunt_megastairs_4, lemuel_fruit_tree
Shoals:1: layout_shoals, serial_shops, shop_statue, uniq_nikola, uniq_jorgrun,
          uniq_frances
Shoals:2: layout_shoals, serial_shops,
          nicolae_shop_temple_entry_statues_fountains,
          nicolae_shoals_lost_giant_hut, nicolae_shoals_so_close,
          uniq_polyphemus
Shoals:3: layout_shoals, nicolae_take_the_stairs,
          nicolae_shoals_nymph_descending_staircase
Shoals:4: shoals_end_simple, layout_shoals, uniq_roxanne
Snake:1:  layout_honeycomb, basic_altar
Snake:2:  layout_cave_pods, basic_altar, st_stairs_14,
          nicolae_snake_magic_snake_eye, grunt_megastairs_5
Snake:3:  layout_grid_maze, grunt_megastairs_2, uniq_mara
Snake:4:  snake_pit, layout_layer_cave, gammafunk_ghost_cemetery, uniq_louise
Slime:1:  layout_caves
Slime:2:  layout_caves, nicolae_slime_welcoming_committee, uniq_dissolution
Slime:3:  layout_caves
Slime:4:  layout_caves
Slime:5
Orc:1:    cheibrodos_orc_guarddog, layout_caves, basic_altar, mines5_lemuel
Orc:2:    grunt_orc_community_town_hall, layout_diamond_mine,
          grunt_orc_community_big_house_2, grunt_orc_community_big_house_2,
          grunt_orc_community_house_3, grunt_orc_community_house_1,
          grunt_orc_community_house_2, grunt_orc_community_house_3,
          grunt_orc_community_house_2, gammafunk_ghost_necromancy,
          bh_open_orc_temple
Elf:1:    eino_elf_arrival_altar, layout_geoelf_octagon, serial_corexii_hall,
          corexii_hall_statues_l, chequers_hall_statues_corner_a, serial_shops,
          nicolae_shop_waterfront, orc_legates
Elf:2:    elven_hall_of_blades_hangedman_alternative
          [nooodl_blade_entry_preview], layout_geoelf_diagonals,
          portal_desolation_entry_nicolae_slug, portal_ice_cave_entry_pillars_1
Elf:3:    grunt_elf_hall_branching, layout_geoelf_castle, uniq_bai_suzhen
Vaults:1: nicolae_vaults_three_branches, nicolae_vaults_shelves_hall,
          v_pattern_4, ontoclasm_vaults_misaligned,
          hangedman_vaults_stretched_pinwheel, v_misc_14, v_alt_pattern_1,
          nicolae_vaults_specimen_jars, dpeg_vaults_monster_box,
          vaults_dpeg_ring, vaults_room_grunt_arrival_ludios, v_misc_13,
          layout_vaults_omnigrid, serial_shops, bzr_firewalk,
          nicolae_lakefront_shop, shop_statue, shop, shop
Vaults:2: mu_enter_wizlab_1, nicolae_vaults_sealed_display,
          nicolae_vaults_meeting, v_misc_28, v_misc_4,
          vaults_mumra_minichess_inversion, nicolae_vaults_border_crossing,
          nicolae_vaults_angled_halls, ontoclasm_vaults_eye,
          layout_vaults_omnibox, serial_shops, shop
Vaults:3: hangedman_vaults_locks, minmay_crypt_entry_necro_gods,
          ontoclasm_vaults_shuriken, nicolae_vaults_circle_grid_a,
          vaults_room_pools, hangedman_vaults_stretched_pinwheel, v_misc_22,
          nicolae_vaults_alarming, vaults_mumra_chevron,
          nicolae_vaults_little_ls, grunt_vaults_hallway_short,
          ontoclasm_vaults_fault, sword_in_stone,
          ontoclasm_vaults_loading_screen, layout_vaults_big_room, serial_shops,
          nicolae_shop_stone
Depths:1: layout_cave_pools, okawaru_gym_becter, hell_entry,
          minmay_shop_grid_forest, serial_sigils_hangedman_gut,
          hangedman_devilish_allure
Depths:2: nicolae_terramorphic_expanse [nicolae_terramorphic_quarter,
          nicolae_terramorphic_quarter, nicolae_terramorphic_quarter,
          nicolae_terramorphic_quarter, nicolae_terramorphic_quarter,
          nicolae_terramorphic_biome, nicolae_terramorphic_biome,
          nicolae_terramorphic_biome, nicolae_terramorphic_biome],
          layout_cave_pools, enter_ziggurat_c, pan_entry, hell_entry,
          abyss_entry, nicolae_trove_entry_free_sample,
          infiniplex_staircase_star
Depths:3: grunt_bruiser_brothers, layout_basic, grunt_hell_horde,
          nemelex_altar_shiori, abyss_entry, minmay_staircase_windowed_small,
          minmay_shop_grove
Depths:4: evilmike_zot_entry_hall, layout_cave_pools, hell_entry,
          hangedman_decor_peaks_small
Zot:1:    hangedman_snap_crack_crunch, layout_cathedral_of_symmetry
Zot:2:    layout_misc_corridors, hangedman_spider_trapstep
Zot:3:    layout_onion, st_stairs_1
Zot:4:    layout_twisted_circle
Zot:5:    layout_misc_corridors

Skill      XL: |  1  2  3  4  5  6  7  8  9 10 11 12 13 14 15 16 17 18 19 20 21 22 23 24 25 |
---------------+----------------------------------------------------------------------------+-----
Unarmed Combat | 3 4 5 6 8 10 12 13 14 15 18 | 18.7
Shields        | 3 4 5 6 10 14 15 16 | 16.3
Armour         | 1 2 3 4 6 12 14 15 16 17 19 20 21 22 | 22.0
Throwing       | 9 11 14 17 | 17.9
Fighting       | 3 6 7 8 9 11 13 15 16 | 16.7
Invocations    | 9 10 15 | 15.6
Dodging        | 9 |  9.0

Action                   |  1- 3 |  4- 6 |  7- 9 | 10-12 | 13-15 | 16-18 | 19-21 | 22-24 | 25-27 || total
-------------------------+-------+-------+-------+-------+-------+-------+-------+-------+-------++-------
Melee: Unarmed           |    87 |    79 |   323 |   741 |  1408 |  1987 |  2191 |  2506 |   658 ||  9980
       Falchion          |       |       |       |    13 |    49 |     6 |       |       |       ||    68
       Punch             |       |       |       |       |    37 |    29 |       |       |       ||    66
       Headbutt          |       |       |       |       |       |       |       |   305 |   240 ||   545
Throw: Throwing net      |       |     2 |     1 |       |       |       |     3 |     1 |       ||     7
       Dart              |       |       |    15 |    24 |     2 |     2 |     3 |       |       ||    46
       Large rock        |       |       |       |    13 |    14 |     9 |    19 |     2 |    12 ||    69
       Javelin           |       |       |       |       |       |       |    13 |    36 |    12 ||    61
Invok: Upheaval          |       |       |       |       |     6 |     6 |     9 |     5 |       ||    26
       Disaster Area     |       |       |       |       |       |     1 |     3 |     3 |     2 ||     9
Evoke: Wand              |       |       |       |     1 |     1 |     5 |     4 |     3 |       ||    14
       Condenser vane    |       |       |       |       |     2 |     2 |     6 |     4 |       ||    14
  Use: Potion            |       |     1 |       |     1 |     8 |     2 |    12 |    16 |     6 ||    46
       Scroll            |       |       |    12 |     2 |    13 |     4 |    19 |    10 |    10 ||    70
 Stab: Sleeping          |     1 |       |       |       |       |       |       |       |       ||     1
       Held in net/web   |       |       |     1 |       |       |       |       |       |       ||     1
       Petrified         |       |       |       |       |    13 |     2 |       |       |       ||    15
       Invisible         |       |       |       |       |     3 |       |     6 |       |     6 ||    15
       Confused          |       |       |       |       |     2 |     1 |     9 |     2 |       ||    14
       Distracted        |       |       |       |       |       |       |       |     1 |       ||     1
Armor: Robe              |    15 |       |       |       |       |       |       |       |       ||    15
       Fire dragon scale |    14 |    30 |   219 |   212 |   581 |       |       |       |       ||  1056
       Skin              |     4 |       |       |       |       |       |       |       |       ||     4
       Storm dragon scal |       |       |       |   121 |   187 |   570 |   605 |   575 |       ||  2058
       Ice dragon scales |       |       |       |       |       |       |       |   292 |       ||   292
       Gold dragon scale |       |       |       |       |       |       |       |    11 |   258 ||   269
Dodge: Dodged            |    21 |    14 |    92 |   147 |   432 |   491 |   736 |   957 |   181 ||  3071
       Repelled          |       |       |       |       |    12 |    58 |    24 |    64 |    26 ||   184
Block: Kite shield       |    18 |    21 |   158 |   543 |  1154 |       |  1650 |  3364 |   666 ||  7574
       Other             |       |       |       |       |   118 |    54 |       |       |       ||   172
       Tower shield      |       |       |       |       |       |  2252 |  1165 |       |       ||  3417
       Reflection        |       |       |       |       |       |       |    60 |    29 |    22 ||   111
